Map: Romanticide LE

Players

HeroMarine - Winner!

  • Race: Terran Terran

Serral

  • Race: Zerg Zerg

Event: DreamHack SC2 Masters 2021 Fall

VOD

Have the link to the VOD?

Description

Time

  • Played on: Aug. 14, 2021, 12:20 p.m.
  • Length: 13:48

All games in this series

Show
View Real Time Build Order
Export as new Build Order

HeroMarine Terran - Winner!

Build Orders: Hellion Opening, Reaper Expand 

Get SALT Encoding   

  12  0:00  SCV  
  13  0:12  SCV  
  14  0:17  Supply Depot  
  14  0:24  SCV  
  15  0:38  SCV  
  15  0:39  Barracks  
  16  0:43  Refinery  
  16  0:50  SCV  
  17  1:02  SCV  
  18  1:15  SCV  
  19  1:27  Reaper, Orbital Command  
  20  1:38  Command Center  
  20  1:47  Supply Depot  
  20  1:52  SCV  
  21  1:58  Marine  
  22  2:04  SCV  
  22  2:07  Factory  
  23  2:16  SCV  
  23  2:20  Barracks Reactor  
  24  2:28  SCV  
  25  2:40  SCV  
  25  2:42  Command Center  
  26  2:52  SCV, Orbital Command  
  27  2:58  Starport  
  27  3:04  Hellion  
  29  3:08  Hellion  
  29  3:10  SCV  
  32  3:13  Refinery  
  32  3:18  SCV  
  33  3:22  SCV  
  33  3:26  Hellion  
  36  3:29  Hellion  
  36  3:31  SCV  
  39  3:34  SCV  
  39  3:36  Viking  
  42  3:44  SCV  
  42  3:47  SCV, Hellion  
  46  3:49  Barracks Tech Lab  
  46  3:54  Hellion  
  46  3:55  Orbital Command  
  48  3:56  SCV  
  48  3:59  SCV  
  50  4:04  Supply Depot  
  50  4:06  Liberator  
  50  4:08  SCV  
  54  4:11  SCV  
  54  4:12  Hellion  
  54  4:15  Hellion  
  59  4:20  SCV  
  59  4:23  SCV, Orbital Command  
  61  4:25  Marine, Stimpack  
  61  4:29  Supply Depot  
  62  4:32  SCV  
  62  4:35  SCV  
  64  4:41  Barracks  
  64  4:44  SCV, Factory Reactor  
  64  4:45  Marine, Barracks  
  65  4:47  SCV  
  65  4:52  Refinery, SCV  
  68  4:53  Refinery  
  68  4:57  SCV  
  68  4:59  SCV  
  66  5:02  Starport Reactor  
  66  5:03  Marine  
  66  5:04  SCV  
  68  5:09  SCV, Engineering Bay x2  
  68  5:11  SCV  
  68  5:12  Supply Depot  
  70  5:17  SCV  
  70  5:21  Marine, SCV  
  72  5:23  SCV  
  74  5:28  Factory Reactor  
  74  5:29  SCV  
  74  5:30  Barracks  
  74  5:33  SCV  
  74  5:34  Barracks  
  76  5:35  SCV  
  76  5:38  Terran Infantry Armor Level 1, Terran Infantry Weapons Level 1  
  76  5:40  Marine x2  
  76  5:41  Marine, SCV  
  81  5:45  Supply Depot, SCV  
  81  5:48  SCV  
  83  5:53  Marine, SCV  
  83  5:54  Marine  
  77  5:57  SCV  
  77  5:58  Marine x2  
  77  5:59  Marine  
  77  6:00  SCV  
  77  6:03  Medivac x2  
  82  6:05  SCV  
  82  6:09  SCV  
  79  6:11  Marine  
  79  6:12  Marine, SCV  
  79  6:14  Supply Depot, Widow Mine  
  79  6:15  Marine, Widow Mine, Combat Shield, Supply Depot  
  79  6:16  Marine x2  
  79  6:17  SCV  
  91  6:19  Barracks Reactor  
  91  6:21  Barracks Reactor  
  91  6:25  Armory  
  92  6:26  Refinery  
  92  6:27  Refinery  
  92  6:30  Supply Depot  
  92  6:31  Marine x2  
  92  6:33  SCV  
  92  6:36  Marine x3, SCV x2  
  92  6:37  Supply Depot  
  92  6:38  Widow Mine x2  
  102  6:40  Supply Depot  
  102  6:41  Medivac x2  
  102  6:44  Supply Depot  
  106  6:49  Marine x2  
  106  6:53  Marine x2  
  106  6:54  Marine, Factory  
  111  6:56  Marine x2  
  111  6:59  Marine x2  
  115  7:02  SCV  
  115  7:03  SCV x2  
  115  7:07  Marine x2, Supply Depot  
  120  7:11  Marine x3  
  120  7:13  Widow Mine, Medivac  
  120  7:14  Marine x2, SCV, Widow Mine  
  132  7:16  Marine  
  132  7:17  Marine  
  132  7:20  Medivac  
  136  7:25  Marine x2  
  136  7:27  Sensor Tower  
  136  7:29  Marine x3  
  141  7:31  Marine  
  141  7:32  Marine  
  141  7:34  Marine x2  
  145  7:41  Factory Tech Lab  
  145  7:42  Command Center  
  145  7:43  Marine x2  
  139  7:44  SCV x3  
  139  7:47  Marine  
  140  7:52  Marine x2  
  140  7:56  SCV x3  
  141  7:59  Widow Mine x2  
  141  8:00  Medivac  
  141  8:04  Medivac  
  133  8:08  SCV x2  
  133  8:09  SCV  
  133  8:11  Drilling Claws  
  134  8:14  Widow Mine  
  134  8:15  Marine x2  
  134  8:17  Marine x2  
  140  8:20  SCV, Widow Mine x2  
  140  8:24  Marine  
  140  8:26  Terran Infantry Armor Level 2, Terran Infantry Weapons Level 2  
  144  8:34  Marine x2, Supply Depot  
  144  8:35  Widow Mine  
  144  8:36  Missile Turret  
  144  8:37  Marine  
  149  8:44  Marine x2  
  149  8:45  Marine x3  
  154  8:50  Marine, Widow Mine  
  154  8:51  Widow Mine  
  154  8:52  Marine x2  
  154  8:55  Marine  
  158  8:58  SCV x3  
  158  9:01  Marine x2  
  163  9:02  Marine  
  163  9:03  Marine  
  163  9:06  Marine, Missile Turret  
  163  9:07  Missile Turret  
  163  9:08  Marine  
  163  9:10  SCV  
  163  9:14  Widow Mine x3  
  163  9:15  Marine x2  
  171  9:17  SCV x2  
  171  9:22  Marine  
  171  9:23  Marine x2  
  166  9:27  Missile Turret  
  168  9:33  SCV  
  168  9:34  SCV x2  
  168  9:35  Thor  
  174  9:42  Planetary Fortress  
  172  10:01  Supply Depot  
  172  10:03  Supply Depot  
  172  10:07  Barracks  
  172  10:08  Barracks  
  172  10:09  Barracks  
  172  10:10  Missile Turret  
  172  10:13  Sensor Tower  
  172  10:15  Missile Turret  
  172  10:17  Marine  
  172  10:18  Marine x3, Missile Turret x2  
  172  10:19  Widow Mine  
  172  10:23  Widow Mine, Terran Vehicle And Ship Armor Level 1, Medivac x2  
  172  10:24  Thor  
  172  10:25  Marine  
  185  10:29  Marine  
  185  10:31  Marine x2  
  185  10:33  SCV  
  185  10:34  SCV  
  188  10:36  SCV  
  188  10:37  SCV  
  188  10:43  Marine x4, Widow Mine  
  188  10:45  Widow Mine  
  188  10:47  Marine x2  
  176  10:53  Marine x2  
  176  10:57  Missile Turret x3  
  176  10:58  Marine x2  
  176  11:00  Marine  
  176  11:01  Medivac x2  
  176  11:02  Marine, Barracks Tech Lab  
  176  11:03  Marine  
  182  11:05  Marine x2, Widow Mine  
  182  11:06  Widow Mine  
  182  11:07  Widow Mine  
  182  11:08  Marine x2  
  188  11:16  Supply Depot  
  188  11:18  Supply Depot  
  188  11:26  Supply Depot  
  188  11:29  Sensor Tower  
  188  11:34  Marine x6  
  188  11:36  Marine x2  
  188  11:37  Marine x2  
  188  11:38  Marine  
  172  11:40  Marine  
  172  11:44  SCV x2  
  163  11:51  Liberator  
  163  11:52  Marine x3, Liberator  
  166  11:56  Widow Mine x2  
  166  11:57  Marine, Widow Mine  
  166  11:59  Marine  
  166  12:00  Marine  
  174  12:01  Marine  
  174  12:03  Marine  
  174  12:05  Marine x2  
  174  12:06  Marine x2  
  178  12:10  Marine x2  
  178  12:14  Marine  
  178  12:15  Marine  
  182  12:17  Marine, Widow Mine x2  
  182  12:19  Marine x2  
  182  12:21  Marine  
  182  12:23  Marine x2  
  182  12:26  Marine x2  
  182  12:29  Marine x2  
  172  12:30  Widow Mine  
  172  12:32  Marine  
  172  12:33  Marine  
  172  12:34  Liberator  
  172  12:35  Marine  
  164  12:37  Marine x2  
  164  12:38  Marine, Widow Mine, Medivac  
  164  12:39  Widow Mine  
  164  12:43  Marine x2  
  166  12:52  Widow Mine  
  166  12:53  Marine  
  166  12:55  Marine x2  
  166  12:56  Marine x2  
  170  13:00  Widow Mine  
  170  13:01  Marine x7  
  176  13:08  Medivac  
  176  13:11  Marine  
  176  13:12  Marine, Widow Mine  
  165  13:13  Marine  
  165  13:14  Marine x2  
  165  13:19  Marine x7  
  140  13:29  Marine  
  140  13:30  Marine x2  
Show
View Real Time Build Order
Export as new Build Order

Serral Zerg 

Build Orders: Hatch First, Muta Ling Bane 

Get SALT Encoding   

  12  0:00  Drone  
  13  0:13  Overlord  
  13  0:17  Drone  
  14  0:32  Drone x2  
  16  0:49  Hatchery  
  15  0:51  Drone  
  15  0:55  Drone  
  17  0:57  Drone  
  18  1:09  Extractor  
  17  1:13  Spawning Pool  
  17  1:17  Drone  
  17  1:19  Drone  
  18  1:29  Drone  
  19  1:40  Drone  
  20  1:51  Drone  
  21  2:01  Queen x2, Zergling x2  
  23  2:02  Zergling x2  
  27  2:11  Overlord  
  27  2:12  Drone  
  28  2:25  Hatchery  
  28  2:27  Drone  
  28  2:30  Drone  
  28  2:36  Drone x2  
  31  2:39  Metabolic Boost  
  31  2:46  Queen  
  33  2:51  Overlord  
  33  2:54  Drone  
  33  2:56  Drone  
  35  2:59  Drone  
  35  3:05  Overlord  
  36  3:11  Drone x4  
  40  3:17  Queen  
  40  3:19  Drone  
  43  3:21  Drone  
  44  3:27  Queen  
  44  3:30  Drone x2  
  48  3:37  Queen  
  50  3:42  Overlord  
  50  3:44  Drone x2  
  50  3:46  Drone x2  
  54  3:49  Zergling x4  
  54  3:52  Drone  
  54  3:54  Overlord  
  57  3:57  Zergling x2  
  57  4:02  Zergling x2  
  59  4:03  Drone x3  
  59  4:06  Overlord  
  62  4:11  Overlord  
  62  4:12  Queen  
  62  4:15  Drone x2  
  66  4:21  Overlord  
  66  4:24  Baneling Nest  
  65  4:25  Drone x3  
  65  4:27  Zergling x2  
  65  4:28  Zergling x2  
  70  4:34  Zergling x2  
  70  4:35  Lair  
  70  4:36  Extractor, Drone  
  71  4:39  Drone  
  71  4:41  Overlord  
  71  4:43  Zergling x2  
  71  4:44  Drone x2  
  71  4:45  Drone x2  
  77  4:46  Drone  
  77  4:49  Queen  
  80  4:54  Extractor  
  74  5:01  Zergling x6  
  74  5:02  Drone x2  
  74  5:05  Drone  
  74  5:06  Drone x2  
  74  5:07  Spore Crawler  
  80  5:10  Drone x2  
  80  5:11  Spore Crawler  
  80  5:12  Drone x2  
  80  5:13  Evolution Chamber  
  82  5:14  Drone, Evolution Chamber  
  82  5:17  Zergling x2  
  83  5:22  Drone x4  
  83  5:25  Extractor  
  86  5:34  Drone x2, Centrifical Hooks  
  88  5:36  Hatchery, Drone x2  
  88  5:38  Drone x2  
  88  5:40  Extractor  
  88  5:41  Zergling x4  
  88  5:42  Overlord  
  92  5:49  Evolution Chamber  
  87  5:52  Zergling x8  
  87  5:56  Drone x2  
  87  6:02  Drone  
  85  6:04  Zerg Melee Weapons Level 1, Zerg Ground Armor Level 1  
  85  6:05  Extractor, Drone x3  
  85  6:06  Drone  
  85  6:10  Drone  
  88  6:14  Zergling x2  
  88  6:16  Pneumatized Carapace  
  89  6:20  Drone x2  
  89  6:22  Baneling x6  
  89  6:24  Zergling x2  
  92  6:29  Zergling x2  
  92  6:32  Zergling x2  
  94  6:36  Overlord  
  94  6:37  Overlord x2  
  94  6:38  Overlord, Spire  
  94  6:39  Zergling x6  
  96  6:43  Zergling x8  
  100  6:47  Zergling x4  
  100  6:53  Zergling x4  
  100  6:54  Baneling x4  
  104  6:55  Zergling x2  
  104  6:57  Overseer  
  104  6:59  Queen  
  104  7:00  Zergling x4  
  108  7:02  Baneling  
  108  7:03  Baneling  
  108  7:04  Overlord  
  108  7:09  Zergling x16  
  108  7:15  Overlord  
  116  7:21  Zergling x10  
  119  7:28  Overlord  
  119  7:29  Baneling x2  
  118  7:38  Baneling x2  
  118  7:41  Zergling x22  
  128  7:50  Overseer  
  127  7:54  Mutalisk  
  127  7:55  Mutalisk x5  
  127  7:56  Zerg Flyer Weapons Level 1  
  139  8:02  Mutalisk x2  
  137  8:12  Mutalisk x4  
  132  8:16  Drone x2  
  132  8:19  Drone  
  135  8:23  Drone  
  135  8:24  Drone x9  
  137  8:29  Overlord  
  137  8:33  Zerg Melee Weapons Level 2  
  137  8:34  Zerg Ground Armor Level 2  
  137  8:37  Zergling x12  
  143  8:42  Baneling  
  143  8:43  Baneling x3  
  143  8:45  Zergling x6  
  145  8:50  Zergling x4  
  145  8:52  Zergling x14  
  143  8:56  Zergling x8  
  143  8:58  Baneling x8  
  143  9:00  Zergling x2  
  148  9:03  Zergling x8  
  152  9:10  Zergling x4  
  151  9:23  Zergling x28  
  161  9:31  Baneling x6, Mutalisk x3  
  161  9:33  Overlord  
  161  9:37  Hatchery  
  166  9:40  Zergling x10  
  171  9:47  Zergling x4  
  173  9:53  Overlord x3  
  173  9:54  Overlord x2  
  173  9:55  Overseer  
  173  9:57  Extractor  
  172  10:00  Drone, Infestation Pit  
  172  10:03  Drone  
  172  10:04  Drone x2  
  175  10:10  Baneling x4, Overseer  
  175  10:13  Drone x9  
  175  10:14  Drone  
  185  10:19  Zergling x8  
  185  10:20  Zergling x12  
  191  10:25  Baneling x7  
  191  10:26  Zergling x4  
  189  10:36  Hive  
  189  10:39  Zergling x14  
  189  10:42  Baneling x6  
  195  10:49  Zergling x24  
  194  10:55  Zerg Flyer Weapons Level 2  
  193  10:59  Queen  
  193  11:01  Spore Crawler  
  194  11:05  Zergling x10  
  198  11:17  Baneling x7  
  198  11:18  Drone  
  199  11:27  Hatchery  
  195  11:39  Zergling x40  
  194  11:44  Zergling x12  
  173  11:49  Mutalisk  
  173  11:50  Mutalisk  
  173  11:52  Baneling x4  
  176  11:59  Adrenal Glands  
  176  12:00  Mutalisk x2  
  180  12:02  Ultralisk Cavern  
  180  12:03  Zergling x24  
  180  12:06  Burrow  
  191  12:14  Baneling x7  
  191  12:22  Zergling x20  
  166  12:30  Zergling x18  
  166  12:31  Zergling x14  
  170  12:40  Baneling  
  170  12:41  Baneling x5  
  170  12:45  Zergling x16  
  170  12:47  Baneling x2  
  170  12:51  Zergling x8  
  173  12:53  Baneling  
  173  12:54  Baneling x6  
  165  12:59  Zergling x8  
  165  13:02  Zergling x2  
  165  13:03  Zergling x6  
  165  13:04  Baneling x9  
  167  13:11  Zergling x24  
  164  13:15  Zergling x6  
  125  13:28  Zergling x2  
  125  13:29  Zergling x14  

Tags
 
Add a new tag
Caveats
  • Supply blocks, unpowered buildings, or Contaminate may cause inaccurate times.
  • Supply counts are checked every 10 seconds.